 Dungeon Sprint DCSS version 0.26-a0-683-g5206c1d7ac (webtiles) character file.

Game seed: 12898710923384558599

163 rocky1 the Blocker (level 5, 0/35 HPs)
             Began as a Gargoyle Fighter on Oct 23, 2020.
             Slain by a shadow (28 damage)
             ... in the Dungeon (Sprint III: "The Ten Rune Challenge").
             The game lasted 00:01:37 (509 turns).

rocky1 the Blocker (Gargoyle Fighter)                Turns: 509, Time: 00:01:38

Health: 0/35       AC: 10    Str: 20    XL:     5   Next: 44%
Magic:  5/5        EV:  8    Int:  9    God:
Gold:   37         SH: 11    Dex:  9    Spells: 4/4 levels left

rFire    . . .     SeeInvis .   a - +0 flail
rCold    . . .     Faith    .   c - +0 kite shield
rNeg     + . .     Spirit   .   b - +0 scale mail
rPois    ∞         Reflect  .   (no helmet)
rElec    +         Harm     .   (no cloak)
rCorr    .         Rampage  .   (no gloves)
MR       .....     NoTele   +   (no boots)
Stlth    ..........             (no amulet)
HPRegen  0.11/turn              (no ring)
MPRegen  0.09/turn              (no ring)

@: mighty
A: negative energy resistance 1, electricity resistance, unbreathing,
petrification resistance, rot immunity, AC +4
a: no special abilities


You were in the Dungeon.
You visited 1 branch You collected 37 gold pieces.

Inventory:

Hand Weapons
 a - a +0 flail (weapon)
Armour
 b - a +0 scale mail (worn)
 c - a +0 kite shield (worn)
Scrolls
 g - 2 scrolls of immolation {unknown}
 j - a scroll of blinking
 k - a scroll of amnesia {unknown}
 l - 2 scrolls of remove curse
 n - a scroll of random uselessness {unknown}
 o - a scroll of fog {unknown}
Potions
 e - a potion of curing
 f - a potion of heal wounds
 h - 2 potions of magic
 m - a potion of flight {unknown}
 p - a potion of stabbing {unknown}
 q - 6 potions of mutation


   Skills:
 + Level 5.3 Fighting
 + Level 7.2 Maces & Flails
 - Level 3.2 Armour
 + Level 8.3 Shields


You had 4 spell levels left.
You didn't know any spells.
Your spell library was empty.

Dungeon Overview and Level Annotations

Branches:
Dungeon (1/1)

Altars:


Innate Abilities, Weirdness & Mutations

You are resistant to torment.
Your stone body is resilient. (AC +4)
You are immune to poison.
You resist negative energy. (rN+)
You are resistant to electric shocks. (rElec)
You can survive without breathing.
You are immune to petrification.
You are immune to rotting.


Message History

You sock the shadow!
The shadow is almost destroyed.
The shadow barely misses you.
You closely miss the shadow.
The shadow is almost destroyed.
The shadow slips into darkness.
The shadow flickers and vanishes!
Deactivating autopickup; reactivate with Ctrl-A.
You completely miss something.
The shadow strikes at you from the darkness!
Reactivating autopickup.
You barely miss the shadow.
The shadow is almost destroyed.
The shadow slips into darkness.
The shadow flickers and vanishes!
Deactivating autopickup; reactivate with Ctrl-A.
You closely miss something.
The shadow strikes at you from the darkness!
Ouch! That really hurt!
You die...

▓▓▓ ♣ ♣.# .♣ ♣.#
.♣ ♣.# ♣♣♣
♣.###+#+###+##
♣.♣♣♣.#..........#
≈..♣..'.⌠........#
≈≈≈♣..#...######@#
≈≈....#.⌠.# #.{.#
≈.....#...# #...#
......#+### #...#
......# #...+
......# +...#
▓▓▓▓▓▓▓ ▓▓▓▓▓


There were no monsters in sight!

Vanquished Creatures
  A water elemental (D)
  A scorpion (D)
  A jelly (D)
  A human (D)
  2 oozes (D)
  2 rats (D)
8 creatures vanquished.

Vanquished Creatures (others)
  4 plants (D)
4 creatures vanquished.

Grand Total: 12 creatures vanquished

Notes
Turn   | Place    | Note
-------+----------+-------------------------------------------
     0 | D        | rocky1 the Gargoyle Fighter began the quest for the Orb.
     0 | D        | Reached XP level 1. HP: 14/14 MP: 1/1
    13 | D        | Reached skill level 4 in Shields
    14 | D        | Reached XP level 2. HP: 10/19 MP: 2/2
   200 | D        | Reached skill level 5 in Shields
   200 | D        | Reached XP level 3. HP: 16/23 MP: 3/3
   205 | D        | Noticed a scorpion
   218 | D        | Killed a scorpion
   218 | D        | Reached skill level 7 in Shields
   218 | D        | Reached XP level 4. HP: 18/28 MP: 4/4
   335 | D        | Noticed a water elemental
   340 | D        | Killed a water elemental
   340 | D        | Reached skill level 8 in Shields
   340 | D        | Reached XP level 5. HP: 31/34 MP: 5/5
   467 | D        | Reached skill level 5 in Fighting
   499 | D        | Noticed a shadow
   509 | D        | Slain by a shadow

Illustrated notes

Levels and vault maps discovered:
D:        dungeon_sprint_mu [sprint_mu_entry_forest, sprint_mu_temple_rooms,
          sprint_mu_d1_horrors, sprint_mu_d2_genie, sprint_mu_d3_branching,
          sprint_mu_orc_legion, sprint_mu_elf_gauntlet, sprint_mu_hive_nellie,
          sprint_mu_lair_fedhas, sprint_mu_vaults_butterflies,
          sprint_mu_slime_circle, sprint_mu_swamp_cave, sprint_mu_snake_twists,
          sprint_mu_blade_basic, sprint_mu_crypt_fortress,
          sprint_mu_tomb_spiral, sprint_mu_vestibule_basic,
          sprint_mu_gehenna_hellfire, sprint_mu_dis_giant,
          sprint_mu_tartarus_statrot, sprint_mu_cocytus_islands, sprint_mu_zot1]

Skill      XL: |  1  2  3  4  5 |
---------------+----------------+-----
Maces & Flails | 3 4 6 7 |  7.2
Shields        | 4 5 7 8 |  8.3
Fighting       | 4 5 |  5.3
Armour         | |  3.2

Action                   |  1- 3 |  4- 6 || total
-------------------------+-------+-------++-------
Melee: Flail             |    37 |    16 ||    53
  Use: Potion            |     1 |     2 ||     3
Armor: Scale mail        |     8 |     4 ||    12
Dodge: Dodged            |     7 |     2 ||     9
Block: Kite shield       |    19 |     2 ||    21

Table legend: (Time is in decaauts)
 A = Elapsed time spent in this place.
 B = Non-inter-level travel time spent in this place.
 C = Inter-level travel time spent in this place.
 D = Time resting spent in this place.
 E = Time spent auto-exploring this place.
 F = Levels seen in this place.
 G = Mean time per level.
                   A        B        C        D        E       F      G
               +--------+--------+--------+--------+--------+-----+--------+
         Total |    513 |    513 |      0 |    344 |      0 |   1 |  513.0 |
       Dungeon |    513 |    513 |      0 |    344 |      0 |   1 |  513.0 |
               +--------+--------+--------+--------+--------+-----+--------+

Top non-repeatable levels by time:
       D: 513 daAuts
